 Dungeon Crawl Stone Soup version 0.28-a0-1510-gd0f6b136d3 (webtiles) character file.

Game seed: 16998620357221675494

34 psuckher the Slasher (level 3, 0/20 HPs)
             Began as a Vine Stalker Berserker on Jan 14, 2022.
             Was a Believer of Trog.
             Slain by a gnoll (4 damage)
             ... on level 2 of the Dungeon.
             The game lasted 00:10:10 (1055 turns).

psuckher the Slasher (Vine Stalker Berserker)       Turns: 1055, Time: 00:10:11

Health: 0/20       AC:  4    Str: 21    XL:     3   Next: 31%
Magic:  0/4        EV: 12    Int:  7    God:    Trog [**....]
Gold:   17         SH:  0    Dex: 13    Spells: 2/2 levels left

rFire   + . .      SeeInvis .   a - +0 falchion
rCold   x . .      Faith    .   (no shield)
rNeg    . . .      Spirit   +   i - +1 leather armour
rPois   .          Reflect  .   (no helmet)
rElec   .          Harm     .   (no cloak)
rCorr   .          Rampage  .   (no gloves)
Will    .....                   (no boots)
Stlth   +.........              (no amulet)
HPRegen 0.06/turn               h - ring of fire
MPRegen 0.09/turn               (no ring)

@: no status effects
A: fangs 2, magic shield, antimagic bite, no potion heal 2
a: Renounce Religion, Berserk, Trog's Hand


You were on level 2 of the Dungeon.
You worshipped Trog.
Trog was pleased with you.
You visited 1 branch of the dungeon, and saw 2 of its levels.

You collected 17 gold pieces.

Inventory:

Hand Weapons
 a - a +0 falchion (weapon)
 f - a +0 dagger
Armour
 b - a +0 animal skin
 i - a +1 leather armour (worn)
Jewellery
 h - a ring of fire (left hand)
Potions
 d - a potion of attraction {unknown}
 e - a potion of haste {unknown}
 g - a potion of mutation {unknown}


   Skills:
 + Level 3.1 Fighting
 + Level 3.3 Long Blades
 + Level 1.6 Armour
 + Level 1.8 Dodging
 + Level 0.7 Stealth


You had 2 spell levels left.
You didn't know any spells.
Your spell library contained the following spells:

 Spells                   Type           Power      Damage    Failure   Level
 Ozocubu's Armour         Ice            0%         N/A       85%         3
 Animate Armour           Summ/Erth      0%         N/A       99%         4
 Blade Hands              Tmut           0%         N/A       100%        5
 Metabolic Englaciation   Hex/Ice        0%         N/A       100%        5
 Iron Shot                Conj/Erth      0%         9d1       100%        6
 Simulacrum               Ice/Necr       0%         N/A       100%        6


Dungeon Overview and Level Annotations

Branches:
Dungeon (2/15)

Altars:

Shops:
D:1 !


Innate Abilities, Weirdness & Mutations

You have extremely sharp teeth.
When hurt, damage is shared between your health and your magic reserves.
Your bite disrupts and absorbs the magic of your enemies.
Potions cannot restore your health.


Message History

The ball python constricts you. The ball python bites you.
The ball python constricts you.
You escape the ball python's grasp.
You closely miss the ball python. The ball python closely misses you.
The ball python grabs you. The ball python constricts you.
The ball python bites you but does no damage.
The ball python constricts you.
You barely miss the ball python.
The ball python bites you but does no damage.
The ball python constricts you.
You hit the ball python.
You kill the ball python!
Trog accepts your kill.
You see here a ball python corpse.
You now have 17 gold pieces (gained 7).
There is a stone staircase leading down here.
There are no items here.
There is an open door here.
A gnoll comes into view. It is wielding a +0 spear.
The gnoll shouts!
A gnoll comes into view. It is wielding a +0 spear.
An adder comes into view.
A gnoll comes into view. It is wielding a +0 club.
The gnoll hits you from afar with a +0 spear.
The gnoll hits you but does no damage. The gnoll closely misses you.
A gnoll comes into view. It is wielding a +0 halberd.
The gnoll shouts! x2
You hit the gnoll. You bite the gnoll. You drain its power.
You feel invigorated.
The gnoll is moderately wounded.
You hear a shout!
The gnoll hits you with a +0 spear. x2
You closely miss the gnoll.
The gnoll is moderately wounded.
The gnoll hits you with a +0 spear.
* * * LOW HITPOINT WARNING * * *
The gnoll closely misses you. The gnoll hits you but does no damage.
The gnoll hits you from afar with a +0 halberd.
You die...

.............................)...
.......##########.....#.!........
.......+ #####+#.........#
.......# ###+### #......#####.#
.......####.....# #......# .#
................# #......# ##
....##..........# #......#
#...##........g.####....รท.#
#...#.........g.@.........#
#...#.#####..##.gg..####.......#
#. ... #..###....# #.####### ##.#
#S..# #....# #.. #. ..#g.# #....#
#.# ## ####.## #....# #.# g.#
#....# #.# .## ##..## #.#


You could see 4 gnolls.

Vanquished Creatures
  A worm (D:2)
  4 ball pythons
  3 bats (D:1)
  An endoplasm (D:1)
  2 giant cockroaches (D:1)
  4 goblins
  3 hobgoblins
  3 kobolds (D:1)
  A quokka (D:1)
  3 frilled lizards
  3 rats (D:1)
28 creatures vanquished.

Notes
Turn   | Place    | Note
-------+----------+-------------------------------------------
     0 | D:1      | psuckher the Vine Stalker Berserker began the quest for the
                  | Orb.
     0 | D:1      | Reached XP level 1. HP: 11/11 MP: 2/2
    58 | D:1      | Reached XP level 2. HP: 11/16 MP: 3/3
   140 | D:1      | Found a faded altar of an unknown god.
   607 | D:1      | Found Fuj Qaig's Distillery.
   684 | D:1      | Reached XP level 3. HP: 20/20 MP: 4/4
   754 | D:2      | Reached ** piety under Trog
  1055 | D:2      | Slain by a gnoll

Illustrated notes

Levels and vault maps discovered:
D:1:      evilmike_arrival_plus, layout_basic, serial_shops,
          nicolae_square_shop, ebering_ecumenical_altar_sacrificial
D:2:      layout_basic, minmay_distorted

Skill      XL: |  1  2 |
---------------+-------+-----
Long Blades    | 3 |  3.3
Fighting       | 3 |  3.1
Armour         | |  1.6
Dodging        | |  1.8
Stealth        | |  0.7

Action                   || total
-------------------------++-------
Melee: Falchion          ||    68
       Bite              ||    14
Invok: Berserk           ||     1
  Use: Scroll            ||     1
 Stab: Distracted        ||     1
Armor: Animal skin       ||     9
       Leather armour    ||     4
Dodge: Dodged            ||    69

Table legend: (Time is in decaauts)
 A = Elapsed time spent in this place.
 B = Non-inter-level travel time spent in this place.
 C = Inter-level travel time spent in this place.
 D = Time resting spent in this place.
 E = Time spent auto-exploring this place.
 F = Levels seen in this place.
 G = Mean time per level.
                   A        B        C        D        E       F      G
               +--------+--------+--------+--------+--------+-----+--------+
         Total |   1072 |   1038 |     34 |      0 |      0 |   2 |  536.0 |
       Dungeon |   1072 |   1038 |     34 |      0 |      0 |   2 |  536.0 |
               +--------+--------+--------+--------+--------+-----+--------+

Top non-repeatable levels by time:
     D:1: 761 daAuts
     D:2: 310 daAuts
